 Dungeon Crawl Stone Soup version 0.28-a0-1447-ga5a8893891 (webtiles) character file.

Game seed: 5499677247478675157

1268 lunkers the Scholar of Death (level 8, 0/52 HPs)
             Began as a Vampire Necromancer on Jan 11, 2022.
             Was a Follower of Kikubaaqudgha.
             Slain by a kobold (1 damage)
             ... in a sewer.
             The game lasted 00:14:15 (4608 turns).

lunkers the Scholar of Death (Vampire Necromancer)  Turns: 4608, Time: 00:14:16

Health: 0/52       AC:  3    Str:  7    XL:     8   Next: 28%
Magic:  3/16       EV: 12    Int: 20    God:    Kikubaaqudgha [*.....]
Gold:   176        SH:  0    Dex: 14    Spells: 6/18 levels left

rFire   + . .      SeeInvis +   b - +2 dagger (venom)
rCold   . . .      Faith    .   (no shield)
rNeg    . . .      Spirit   .   a - +0 robe
rPois   .          Reflect  .   k - +0 helmet
rElec   .          Harm     .   (no cloak)
rCorr   .          Rampage  .   (no gloves)
Will    .....                   (no boots)
Stlth   ++........              (no amulet)
HPRegen 0.37/turn               q - ring of protection from fire
MPRegen 0.15/turn               (no ring)

@: healing quickly
A: alive, fangs 3, see invisible, vampiric 2
a: Exsanguinate, Renounce Religion, Receive Corpses


You were in a sewer.
You worshipped Kikubaaqudgha.
Kikubaaqudgha was aware of your devotion.
You visited 1 branch of the dungeon, and saw 5 of its levels.
You also visited: Sewer.

You collected 176 gold pieces.

Inventory:

Hand Weapons
 b - a +2 dagger of venom (weapon)
 g - a +1 antimagic short sword
Armour
 a - a +0 robe (worn)
 k - a +0 helmet (worn)
Jewellery
 q - a ring of protection from fire (left hand)
Wands
 j - a wand of flame (18)
Scrolls
 c - a scroll of silence
 f - 4 scrolls of fog
 l - a scroll of identify
 m - a scroll of teleportation {unknown}
 n - a scroll of enchant weapon
Potions
 d - a potion of brilliance {unknown}
 e - a potion of flight {unknown}
 h - a potion of lignification {unknown}
 i - 2 potions of curing
 o - a potion of haste
 p - a potion of cancellation {unknown}


   Skills:
 - Level 2.1 Dodging
 - Level 3.0 Stealth
 + Level 5.6 Spellcasting
 * Level 10.0 Necromancy


You had 6 spell levels left.
You knew the following spells:

 Your Spells              Type           Power      Damage    Failure   Level
a - Pain                  Necr           100%       1d9       1%          1
b - Vampiric Draining     Necr           45%        2d9       1%          3
c - Animate Dead          Necr           22%        N/A       1%          4
d - Dispel Undead         Necr           45%        3d17      1%          4

Your spell library contained the following spells:

 Spells                   Type           Power      Damage    Failure   Level
 Animate Skeleton         Necr           90%        N/A       1%          1
 Sublimation of Blood     Necr           45%        N/A       1%          2
 Agony                    Necr           45%        N/A       4%          5
 Freeze                   Ice            20%        1d4       11%         1
 Magic Dart               Conj           20%        1d4       11%         1
 Searing Ray              Conj           10%        2d4       17%         2
 Static Discharge         Conj/Air       5%         N/A       17%         2
 Wereblood                Tmut           5%         N/A       17%         2
 Frozen Ramparts          Ice            10%        1d3       32%         3
 Gell's Gravitas          Tloc           5%         N/A       32%         3
 Lesser Beckoning         Tloc           5%         N/A       32%         3
 Teleport Other           Tloc           5%         N/A       32%         3
 Fulminant Prism          Conj/Hex       2%         3d6       73%         4
 Hailstorm                Conj/Ice       5%         3d4       73%         4
 Sticky Flame             Conj/Fire      5%         2d3       73%         4
 Summon Hydra             Summ           2%         N/A       100%        7


Dungeon Overview and Level Annotations

Branches:
Dungeon (5/15)             Temple (0/1) D:4           Sewer (1/1)

Altars:
Cheibriados
Kikubaaqudgha
Okawaru

Annotations:
D:3 3 runed translucent doors, RancidPinata's ghost, weakling GrDe


Innate Abilities, Weirdness & Mutations

Your natural rate of healing is accelerated.
You have razor-sharp teeth.
You have supernaturally acute eyesight. (SInv)
You are afflicted with vampirism and can become a bat while bloodless.


Message History

You barely miss the kobold brigand.
The kobold brigand is moderately wounded.
* * * LOW HITPOINT WARNING * * *
You feel sick. The kobold hits you with a +0 club.
* * * LOW HITPOINT WARNING * * *
The kobold brigand misses you.
Okay, then.
You feel better. The kobold barely misses you.
The kobold brigand hits you with a +0 short sword.
* * * LOW HITPOINT WARNING * * *
Aiming: Throw Flame
Press: ? - help, Shift-Dir - straight line, f/p - kobold brigand
Aim: a kobold brigand, wielding a +0 short sword and quivering poisoned darts (moderately wounded, 60% to hit)
The puff of flame hits the kobold brigand.
The kobold brigand is moderately wounded.
The kobold barely misses you.
The kobold brigand hits you with a +0 short sword.
* * * LOW HITPOINT WARNING * * *
Aiming: Throw Flame
Press: ? - help, Shift-Dir - straight line, f/p - kobold brigand
Aim: a kobold brigand, wielding a +0 short sword and quivering poisoned darts (moderately wounded, 60% to hit)
The puff of flame hits the kobold brigand!
The kobold brigand is severely wounded.
The kobold closely misses you. The kobold brigand misses you.
Aiming: Throw Flame
Press: ? - help, Shift-Dir - straight line, f/p - kobold brigand
Aim: a kobold brigand, wielding a +0 short sword and quivering poisoned darts (severely wounded, 60% to hit)
The puff of flame hits the kobold brigand.
The kobold brigand is severely wounded.
The kobold hits you but does no damage.
The kobold brigand hits you with a +0 short sword.
* * * LOW HITPOINT WARNING * * *
Aiming: Throw Flame
Press: ? - help, Shift-Dir - straight line, f/p - kobold brigand
Aim: a kobold brigand, wielding a +0 short sword and quivering poisoned darts (severely wounded, 60% to hit)
The puff of flame hits the kobold brigand.
The kobold brigand is severely wounded.
The kobold hits you with a +0 club.
You die...
Kikubaaqudgha rasps: "You have failed me!
Welcome... death!"

≈≈≈≈≈≈≈≈≈≈≈≈≈≈≈≈≈≈≈#
≈≈≈≈≈≈≈≈≈≈≈≈≈≈≈≈≈≈≈#
######≈≈########'###
....≈≈≈≈≈.#....#...#
....≈≈P≈..'[.∩.#.∩.#
..........'....#.∩.#
.......KK.#.!)!#####
.....KKK########
.....##@# ##### ###


You could see 2 kobold brigands and 3 kobolds.

Vanquished Creatures
  Sigmund (D:2)
  Menkaure (D:5)
  2 black bears
  A necrophage (D:5)
  2 ogres (D:4)
  2 kobold brigands (Sewer)
  A scorpion (D:5)
  2 hounds
  An orc priest (D:3)
  Natasha (D:2)
  3 orc wizards
  Robin (D:2)
  3 gnolls (D:3)
  3 adders
  A worm (D:5)
  4 dart slugs
  12 orcs
  7 bats
  4 endoplasms
  5 giant cockroaches
  18 goblins
  9 hobgoblins
  3 quokkas
  5 ball pythons
  3 frilled lizards
  10 kobolds
  3 rats
108 creatures vanquished.

Vanquished Creatures (others)
  A plant (Sewer)
1 creature vanquished.

Grand Total: 109 creatures vanquished

Notes
Turn   | Place    | Note
-------+----------+-------------------------------------------
     0 | D:1      | lunkers the Vampire Necromancer began the quest for the
                  | Orb.
     0 | D:1      | Reached XP level 1. HP: 13/13 MP: 3/3
   435 | D:1      | Reached XP level 2. HP: 13/19 MP: 0/5
   530 | D:1      | Reached skill level 5 in Necromancy
   937 | D:2      | Gained mutation: You are afflicted with vampirism and can
                  | become a bat while bloodless. [Vampire growth]
   937 | D:2      | Reached XP level 3. HP: 24/24 MP: 4/6
  1043 | D:2      | Noticed Robin
  1049 | D:2      | Killed Robin
  1211 | D:2      | Noticed Natasha
  1216 | D:2      | Killed Natasha
  1217 | D:2      | Reached XP level 4. HP: 18/30 MP: 2/8
  1335 | D:2      | Noticed Sigmund
  1344 | D:2      | Killed Sigmund
  1345 | D:2      | Reached skill level 6 in Necromancy
  1345 | D:2      | Reached XP level 5. HP: 18/35 MP: 1/10
  1590 | D:2      | Reached skill level 7 in Necromancy
  1704 | D:3      | Found a runed translucent gate.
  1704 | D:3      | Found a runed translucent gate.
  1704 | D:3      | Found a runed translucent gate.
  1704 | D:3      | Noticed a phantom
  1704 | D:3      | Noticed RancidPinata's ghost (weakling GrDe)
  1745 | D:3      | Reached XP level 6. HP: 37/41 MP: 4/11
  1870 | D:3      | Learned a level 3 spell: Vampiric Draining
  1875 | D:3      | Learned a level 4 spell: Animate Dead
  2797 | D:4      | Found an iron altar of Okawaru.
  2797 | D:4      | Found an ancient bone altar of Kikubaaqudgha.
  2797 | D:4      | Found a snail-covered altar of Cheibriados.
  2804 | D:4      | Became a worshipper of Kikubaaqudgha
  2942 | D:4      | Found a staircase to the Ecumenical Temple.
  3162 | D:3      | Reached skill level 8 in Necromancy
  3162 | D:3      | Reached XP level 7. HP: 17/46 MP: 11/13
  3667 | D:4      | Learned a level 4 spell: Dispel Undead
  3918 | D:5      | Entered Level 5 of the Dungeon
  3918 | D:5      | Noticed Menkaure
  3922 | D:5      | Killed Menkaure
  3923 | D:5      | Reached skill level 5 in Spellcasting
  3923 | D:5      | Reached skill level 9 in Necromancy
  4041 | D:5      | Reached XP level 8. HP: 40/52 MP: 10/15
  4207 | D:5      | Reached * piety under Kikubaaqudgha
  4207 | D:5      | Received a gift from Kikubaaqudgha
  4479 | D:5      | Found a glowing drain.
  4547 | Sewer    | Entered a sewer
  4601 | Sewer    | Reached skill level 10 in Necromancy
  4607 | Sewer    | HP: 1/52 [kobold brigand (3)]
  4608 | Sewer    | Slain by a kobold

Illustrated notes

Levels and vault maps discovered:
D:1:      dpeg_arrival_solitude, layout_basic
D:2:      layout_rooms, minmay_tetromino_t2, uniq_sigmund, uniq_robin,
          uniq_natasha
D:3:      layout_loops_ring, gammafunk_ghost_split, grunt_ministairs_14,
          hangedman_decor_diamond_cutter, amcnicky_mini_rare_corridor_liquid
D:4:      layout_basic, gammafunk_temple_overflow_forgotten,
          minmay_temple_entry_glassed_door
D:5:      layout_cave_pods, cheibrodos_sewer_entry_drain, serial_bayou_crossing,
          uniq_menkaure
Sewer:    kennysheep_pipe_town

Skill      XL: |  1  2  3  4  5  6  7  8 |
---------------+-------------------------+-----
Necromancy     | 5 6 7 8 9 10 | 10.0
Spellcasting   | 3 4 5 |  5.6
Dodging        | |  2.1
Stealth        | |  3.0

Action                   |  1- 3 |  4- 6 |  7- 9 || total
-------------------------+-------+-------+-------++-------
Melee: Unarmed           |     2 |       |       ||     2
       Dagger            |    22 |    33 |    43 ||    98
       Bite              |     6 |     3 |     6 ||    15
       Punch             |       |     1 |     1 ||     2
 Cast: Pain              |    46 |    70 |    32 ||   148
       Vampiric Draining |       |     5 |    16 ||    21
       Dispel Undead     |       |       |     4 ||     4
Evoke: Wand              |       |       |     4 ||     4
  Use: Scroll            |     3 |     4 |     1 ||     8
       Potion            |       |       |     1 ||     1
Armor: Robe              |     2 |    10 |     8 ||    20
Dodge: Dodged            |    10 |    30 |    41 ||    81

Table legend: (Time is in decaauts)
 A = Elapsed time spent in this place.
 B = Non-inter-level travel time spent in this place.
 C = Inter-level travel time spent in this place.
 D = Time resting spent in this place.
 E = Time spent auto-exploring this place.
 F = Levels seen in this place.
 G = Mean time per level.
                   A        B        C        D        E       F      G
               +--------+--------+--------+--------+--------+-----+--------+
         Total |   4624 |   4551 |     73 |    230 |   3532 |   6 |  770.7 |
       Dungeon |   4556 |   4483 |     73 |    230 |   3491 |   5 |  911.2 |
         Sewer |     68 |     68 |      0 |      0 |     41 |   1 |   68.0 |
               +--------+--------+--------+--------+--------+-----+--------+

Top non-repeatable levels by time:
     D:3: 1320 daAuts
     D:4: 977 daAuts
     D:1: 849 daAuts
     D:2: 770 daAuts
     D:5: 637 daAuts
   Sewer: 68 daAuts
